 Dungeon Crawl Stone Soup version 0.29-a0-275-g389c0b56f3 (webtiles) character file.

Game seed: 7240975835132202656

1929 siradein the Skirmisher (level 8, 0/73 HPs)
             Began as a Yellow Draconian Berserker on Mar 11, 2022.
             Was a Priest of Trog.
             Succumbed to an orc wizard's poison
             ... on level 7 of the Dungeon.
             The game lasted 00:17:17 (6890 turns).

siradein the Skirmisher (DrBe)                      Turns: 6890, Time: 00:17:17

Health: 0/73       AC: 15    Str: 21    XL:     8   Next: 96%
Magic:  8/8        EV: 14    Int:  8    God:    Trog [***...]
Gold:   250        SH:  0    Dex: 11    Spells: 7/7 levels left

rFire   . . .      SeeInvis .   v - +0 flail
rCold   . . .      Faith    .   (no shield)
rNeg    + . .      Spirit   .   (body armour unavailable)
rPois   .          Reflect  .   (helmet restricted)
rElec   .          Harm     .   u - +0 cloak
rCorr   +          Rampage  .   a - +2 pair of gloves
Will    .....                   E - +0 pair of boots
Stlth   +.........              (no amulet)
HPRegen 0.22/turn               i - ring of positive energy
MPRegen 0.11/turn               x - +4 ring of protection

@: lethally poisoned (0 -> -30), short of breath
A: spit acid, AC +6, unfitting armour, cold-blooded, acid resistance, clumsy 1,
deterioration 1, strong 1, inability to read while threatened
a: Breathe Acid, Renounce Religion, Berserk, Trog's Hand


You were on level 7 of the Dungeon.
You worshipped Trog.
Trog was most pleased with you.
You visited 1 branch of the dungeon, and saw 7 of its levels.

You collected 320 gold pieces.
You spent 70 gold pieces at shops.

Inventory:

Hand Weapons
 f - a +0 hunting sling
 v - a +0 flail (weapon)
Armour
 a - a +2 pair of gloves (worn)
 u - a +0 cloak (worn)
 E - a +0 pair of boots (worn)
Jewellery
 i - a ring of positive energy (left hand)
 x - a +4 ring of protection (right hand)
Wands
 d - a wand of charming (3)
 s - a wand of paralysis (7)
 y - a wand of iceblast (8)
 A - a wand of acid (14)
Scrolls
 j - 3 scrolls of teleportation {unknown}
 k - 2 scrolls of blinking {unknown}
 o - 5 scrolls of fog
 p - 2 scrolls of enchant weapon {unknown}
 q - a scroll of fear {unknown}
 r - a scroll of enchant armour {unknown}
 t - a scroll of summoning {unknown}
 w - 3 scrolls of vulnerability {unknown}
 B - a scroll of immolation {unknown}
Potions
 b - 2 potions of curing
 c - a potion of attraction {unknown}
 e - 2 potions of lignification
 g - a potion of magic {unknown}
 l - 2 potions of brilliance {unknown}
 m - 2 potions of might
 n - 4 potions of heal wounds
 z - a potion of cancellation {unknown}
 C - a potion of ambrosia {unknown}
 D - a potion of resistance {unknown}


   Skills:
 + Level 7.5 Fighting
 + Level 6.8 Maces & Flails
 + Level 6.3 Dodging
 + Level 4.3 Evocations


You had 7 spell levels left.
You didn't know any spells.
Your spell library was empty.

Dungeon Overview and Level Annotations

Branches:
Dungeon (7/15)             Temple (0/1) D:5

Altars:
Fedhas
Gozag
Kikubaaqudgha
Vehumet
Wu Jian

Shops:
D:1 (   D:5 *

Annotations:
D:3 3 runed translucent doors, NobodyCares's ghost, amateur DsBe
D:6 2 transporters, Cecur's ghost, novice FoFi


Innate Abilities, Weirdness & Mutations

You can spit globs of acid.
Your golden yellow scales are hard. (AC +6)
You cannot fit into any form of body armour.
You are cold-blooded and may be slowed by cold attacks.
You are resistant to acid. (rCorr)
You are clumsy. (Dex -2)
Your body sometimes deteriorates upon taking damage.
Your muscles are strong. (Str +2)
You sometimes lose the ability to read scrolls when taking damage.


Message History

You are more poisoned.
Unknown command.
Unknown command.
You hit something.
You feel very sick. Something hits you but does no damage.
You are more poisoned.
Something barely misses you.
You hit something.
Your tail-slap misses something.
You feel very sick. Something hits you but does no damage.
You are more poisoned.
You barely miss something.
You feel extremely sick. Something hits you.
You are more poisoned.
You barely miss something.
Your tail-slap misses something.
You feel extremely sick.
You hear some strange, mumbled words.
A magic dart appears from out of thin air!
The magic dart hits you.
You miss something.
* * * LOW HITPOINT WARNING * * *
You feel very sick. Something hits you.
* * * LOW HITPOINT WARNING * * *
You are more poisoned.
You miss something.
* * * LOW HITPOINT WARNING * * *
You feel extremely sick.
You hear some strange, mumbled words.
A magic dart appears from out of thin air!
The magic dart hits you but does no damage.
You miss something.
* * * LOW HITPOINT WARNING * * *
You feel very sick. Something hits you but does no damage.
You are more poisoned.
You miss something.
You die...

##+## ##...## ##
##.....##
.######.......## ##
...............####...##
...............'@{....[#
..####.........####...##
.### #........## ## ...#
#.#.....## ##.#
#.##...## #.# #.###+##
##.###.# #.# .......#
#.# #..###.###.##


There were no monsters in sight!

Vanquished Creatures
  3 kobold demonologists
  A hornet (D:6)
  An ice beast (D:6)
  A necrophage (D:6)
  3 wights (D:7)
  2 howler monkeys
  3 hounds
  4 jellies
  An orc priest (D:6)
  5 orc wizards
  6 adders
  An ufetubus (D:6)
  2 worms
  A dart slug (D:1)
  13 orcs
  5 ball pythons
  4 bats
  2 bat zombies (D:5)
  9 endoplasms
  4 giant cockroaches
  4 goblins
  3 hobgoblins
  9 jackals
  4 quokkas
  5 kobolds
  5 rats
  2 rat zombies (D:5)
103 creatures vanquished.

Vanquished Creatures (others)
  An orc wizard (D:7)
  An orc (D:5)
2 creatures vanquished.

Grand Total: 105 creatures vanquished

Notes
Turn   | Place    | Note
-------+----------+-------------------------------------------
     0 | D:1      | siradein the Draconian Berserker began the quest for the
                  | Orb.
     0 | D:1      | Reached XP level 1. HP: 19/19 MP: 1/1
   172 | D:1      | Reached XP level 2. HP: 19/26 MP: 2/2
   338 | D:1      | Found Hotrae's Antique Weapon Boutique.
  1138 | D:2      | Reached XP level 3. HP: 29/33 MP: 3/3
  1356 | D:2      | Reached skill level 4 in Fighting
  1541 | D:2      | Reached ** piety under Trog
  1585 | D:2      | Reached XP level 4. HP: 35/40 MP: 4/4
  1662 | D:2      | Found a faded altar of an unknown god.
  2291 | D:3      | Found a runed translucent gate.
  2291 | D:3      | Noticed NobodyCares's ghost (amateur DsBe)
  2292 | D:3      | Found a runed translucent gate.
  2293 | D:3      | Found a runed translucent gate.
  3070 | D:4      | Reached XP level 5. HP: 47/47 MP: 5/5
  4538 | D:5      | Entered Level 5 of the Dungeon
  4562 | D:5      | Found Hibo's Humungous Hoard.
  4571 | D:5      | Reached skill level 5 in Fighting
  4588 | D:5      | Reached XP level 6. HP: 50/56 MP: 6/6
  4629 | D:5      | Bought a potion of heal wounds for 70 gold pieces
  4756 | D:5      | Found a staircase to the Ecumenical Temple.
  4917 | D:5      | Reached skill level 5 in Maces & Flails
  5120 | D:5      | Found a blossoming altar of Fedhas.
  5129 | D:5      | Found an opulent altar of Gozag.
  5172 | D:5      | Found an ancient bone altar of Kikubaaqudgha.
  5292 | D:6      | Your scales start taking on a golden yellow colour.
  5292 | D:6      | Reached XP level 7. HP: 62/62 MP: 7/7
  5292 | D:6      | Gained mutation: You are resistant to acid. (rCorr) [Yellow
                  | Draconian growth]
  5296 | D:6      | Reached *** piety under Trog
  5334 | D:6      | Reached skill level 1 in Evocations
  5384 | D:6      | Found a transporter.
  5387 | D:6      | Noticed Cecur's ghost (novice FoFi)
  5438 | D:6      | Noticed a hornet
  5473 | D:6      | Found a transporter.
  5577 | D:6      | Reached skill level 6 in Fighting
  5577 | D:6      | Reached skill level 5 in Dodging
  5581 | D:6      | Found a radiant altar of Vehumet.
  5656 | D:6      | Found the +2 ratskin cloak {*Rats rPois rN+ Str-1 Int-1
                  | Dex+1}
  5848 | D:6      | Paralysed by a hornet for 2 turns
  5859 | D:6      | Killed a hornet
  6158 | D:7      | Reached XP level 8. HP: 26/68 MP: 8/8
  6417 | D:7      | Noticed a kobold demonologist
  6417 | D:7      | Noticed a kobold demonologist
  6418 | D:7      | Noticed a kobold demonologist
  6429 | D:7      | Noticed a hellwing
  6431 | D:7      | Killed a kobold demonologist
  6437 | D:7      | Noticed a red devil
  6451 | D:7      | Noticed a hellwing
  6505 | D:7      | Killed a kobold demonologist
  6506 | D:7      | Reached skill level 7 in Fighting
  6524 | D:6      | Killed a kobold demonologist
  6608 | D:7      | Found an ornate altar of the Wu Jian Council.
  6654 | D:7      | Gained mutation: Your body sometimes deteriorates upon
                  | taking damage. [potion of mutation]
  6654 | D:7      | Lost mutation: Your body sometimes deteriorates upon taking
                  | damage. [potion of mutation]
  6655 | D:7      | Gained mutation: Your body sometimes deteriorates upon
                  | taking damage. [potion of mutation]
  6655 | D:7      | Gained mutation: You are clumsy. (Dex -2) [potion of
                  | mutation]
  6655 | D:7      | Gained mutation: You sometimes lose the ability to read
                  | scrolls when taking damage. [potion of mutation]
  6655 | D:7      | Gained mutation: Your muscles are strong. (Str +2) [potion
                  | of mutation]
  6890 | D:7      | Succumbed to an orc wizard's poison

Illustrated notes

Levels and vault maps discovered:
D:1:      saegor_arrival_simple_e, layout_loops_ring, serial_shops, shop,
          minmay_misc_feat_five, minmay_split_cup_small
D:2:      layout_rooms, chequers_ecumenical_altar_simple
D:3:      layout_basic, gammafunk_ghost_split, kennysheep_potato
D:4:      layout_basic, kennysheep_generic_room_12
D:5:      layout_rooms, lemuel_zombie_altar_kikubaaqudgha,
          mainiacjoe_overflow_swirl, minmay_temple_entry_waves,
          grunt_ministairs_10, grunt_decor_junction, nicolae_alphabet_shops,
          hangedman_abyss_or_decor_stabs, minivault_14
D:6:      layout_gridville, amcnicky_altar_gilded, gammafunk_ghost_arena,
          minmay_stone_trees_small
D:7:      layout_loops_corners, nicolae_wu_jian_wuxing_cycle

Skill      XL: |  1  2  3  4  5  6  7  8 |
---------------+-------------------------+-----
Dodging        | 3 4 5 6 |  6.3
Fighting       | 4 5 6 7 |  7.5
Maces & Flails | 4 5 6 |  6.8
Evocations     | 2 4 |  4.3

Action                   |  1- 3 |  4- 6 |  7- 9 || total
-------------------------+-------+-------+-------++-------
Melee: Mace              |    85 |    95 |       ||   180
       Tailslap          |    11 |    26 |    12 ||    49
       Flail             |       |    71 |   119 ||   190
       Punch             |       |       |     1 ||     1
 Fire: Hunting sling     |    16 |    35 |       ||    51
Invok: Berserk           |     1 |     1 |     3 ||     5
 Abil: Breathe Acid      |       |       |     7 ||     7
Evoke: Wand              |       |       |     4 ||     4
  Use: Scroll            |       |       |     5 ||     5
       Potion            |       |       |     2 ||     2
 Stab: Sleeping          |       |       |     1 ||     1
Armor: Skin              |    39 |    79 |    90 ||   208
Dodge: Dodged            |    91 |   112 |   106 ||   309

Table legend: (Time is in decaauts)
 A = Elapsed time spent in this place.
 B = Non-inter-level travel time spent in this place.
 C = Inter-level travel time spent in this place.
 D = Time resting spent in this place.
 E = Time spent auto-exploring this place.
 F = Levels seen in this place.
 G = Mean time per level.
                   A        B        C        D        E       F      G
               +--------+--------+--------+--------+--------+-----+--------+
         Total |   7022 |   6837 |    185 |    893 |   4872 |   7 | 1003.1 |
       Dungeon |   7022 |   6837 |    185 |    893 |   4872 |   7 | 1003.1 |
               +--------+--------+--------+--------+--------+-----+--------+

Top non-repeatable levels by time:
     D:4: 1592 daAuts
     D:1: 1392 daAuts
     D:6: 1025 daAuts
     D:2: 933 daAuts
     D:5: 718 daAuts
     D:3: 695 daAuts
     D:7: 665 daAuts
